 Dungeon Crawl Stone Soup version 0.17.0 (webtiles) character file.

769 tp1 the Magician (level 7, -12/36 HPs)
             Began as a Deep Elf Conjurer on Nov 6, 2015.
             Was a Follower of Vehumet.
             Mangled by Duvessa
             ... wielding a +4 rapier of flaming
              (15 damage)
             ... on level 6 of the Dungeon.
             The game lasted 00:24:13 (6978 turns).

tp1 the Magician (Deep Elf Conjurer)                Turns: 6978, Time: 00:24:13

Health: -12/36     AC:  6    Str:  5    XL:     7   Next: 52%
Magic:  3/20       EV: 13    Int: 22    God:    Vehumet [*.....]
Gold:   291        SH:  0    Dex: 15    Spells: 3 memorised, 13 levels left

rFire  . . .     SeeInvis .     (no weapon)
rCold  . . .     Clarity  .     a - +0 robe
rNeg   . . .     SustAt   .     (no shield)
rPois  .         Gourm    .     o - +2 hat
rElec  .         Spirit   .     (no cloak)
rCorr  .         Warding  .     j - +0 pair of gloves
rMut   .         Stasis   .     q - +0 pair of boots
MR     .....                    (no amulet)
Stlth  ++........               (no ring)
                                (no ring)

@: not resistant to hostile enchantments, unstealthy
A: no striking features
a: Renounce Religion


You were on level 6 of the Dungeon.
You worshipped Vehumet.
Vehumet was aware of your devotion.
You were near starving.

You visited 2 branches of the dungeon, and saw 7 of its levels.

You collected 291 gold pieces.

Inventory:

Armour
 a - a +0 robe (worn)
 f - a +0 helmet
 j - a +0 pair of gloves (worn)
 o - a +2 hat (worn)
 q - a +0 pair of boots (worn)
 y - a quicksilver dragon hide
Jewellery
 i - a cursed ring of loudness {unknown}
Wands
 m - a wand of magic darts (31)
 x - a wand of invisibility (3)
Scrolls
 g - a scroll of fear
 h - 3 scrolls of remove curse
 k - a scroll of teleportation
 n - a scroll of amnesia
 s - 2 scrolls of magic mapping {unknown}
 t - a scroll of recharging {unknown}
 u - a scroll of blinking {unknown}
 w - a scroll of immolation {unknown}
Potions
 e - a potion of cancellation
 p - a potion of agility {unknown}
 v - a potion of poison {unknown}
 A - 2 potions of haste {unknown}
Books
 b - a book of Conjurations

   Spells                             Type                      Level
   a - Magic Dart                     Conjuration                  1
   b - Searing Ray                    Conjuration                  2
   c - Dazzling Spray                 Conjuration/Hexes            3
   d - Fulminant Prism                Conjuration/Hexes            4
   e - Iskenderun's Mystic Blast      Conjuration                  4
   f - Iskenderun's Battlesphere      Conjuration/Charms           5
Comestibles
 c - 5 bread rations


   Skills:
 - Level 2.4 Dodging
 - Level 2.4 Stealth
 + Level 7.9 Spellcasting
 - Level 6.0 Conjurations
 - Level 7.0 Charms


You had 13 spell levels left.
You knew the following spells:

 Your Spells              Type           Power        Failure   Level  Hunger
a - Magic Dart            Conj           ####         1%          1    None
b - Searing Ray           Conj           #####.       1%          2    None
c - Iskenderun's Battles  Conj/Chrm      #####...     14%         5    #####..


Dungeon Overview and Level Annotations

Branches:
Dungeon (6/15)             Temple (1/1) D:4

Altars:
Elyvilon
Gozag
Kikubaaqudgha
Makhleb
Nemelex Xobeh
Qazlal
Vehumet
Xom
Yredelemnul
Zin
The Shining One

Annotations:
D:2 Terence
D:6 Duvessa


Message History

Duvessa is moderately wounded.
Duvessa hits you with a rapier of flaming.
Duvessa burns you. The worker ant barely misses you.
Casting: Magic Dart
Confirm with . or Enter, or press ? or * to list all spells.
Aiming: Magic Dart
Press: ? - help, Shift-Dir - straight line, f/p - Duvessa
Aim: Duvessa, wielding a rapier of flaming (moderately wounded, berserk, fast, unusually strong)
The magic dart hits Duvessa.
Duvessa is moderately wounded.
Your battlesphere fires!
The barrage of energy hits Duvessa.
Duvessa is heavily wounded.
Duvessa hits you with a rapier of flaming!
* * * LOW HITPOINT WARNING * * *
Duvessa burns you.
* * * LOW HITPOINT WARNING * * *
The worker ant barely misses you.
Duvessa hits you with a rapier of flaming!
You die...

### ######....
#.........
#.!.......
#e@......#
.......a..?....
......)...###.#
.......*..).
.............
...........#.#
.............#
.......?..[.##


You could see Duvessa (berserk) and a worker ant.

Vanquished Creatures
  A sky beast (D:5)
  Dowan (D:6)
  2 crimson imps
  2 hounds
  2 orc priests (D:5)
  Crazy Yiuf (D:3)
  5 orc wizards
  2 iguanas (D:5)
  A hound skeleton (D:4)
  7 gnolls
  2 adders
  4 oozes
  2 worms (D:2)
  5 giant geckos
  12 orcs
  9 giant cockroaches
  8 hobgoblins
  4 jackals (D:5)
  3 quokkas
  6 ball pythons
  8 bats
  5 giant newts
  11 goblins
  5 kobolds
  8 rats
116 creatures vanquished.

Notes
Turn   | Place    | Note
--------------------------------------------------------------
     0 | D:1      | tp1 the Deep Elf Conjurer began the quest for the Orb.
     0 | D:1      | Reached XP level 1. HP: 10/10 MP: 6/6
   405 | D:1      | Reached XP level 2. HP: 15/15 MP: 5/8
   510 | D:1      | Reached skill level 5 in Conjurations
  1137 | D:1      | Learned a level 2 spell: Searing Ray
  2060 | D:2      | Reached XP level 3. HP: 19/19 MP: 4/9
  2354 | D:2      | Reached skill level 6 in Conjurations
  2545 | D:2      | Noticed Terence
  2579 | D:2      | Lost strength.
  2756 | D:2      | Reached XP level 4. HP: 22/24 MP: 5/10
  3127 | D:3      | Noticed Crazy Yiuf
  3204 | D:3      | Reached skill level 5 in Spellcasting
  3204 | D:3      | Reached XP level 5. HP: 25/28 MP: 2/14
  3295 | D:3      | Learned a level 5 spell: Iskenderun's Battlesphere
  3409 | D:3      | Found a faded altar to an unknown god.
  3618 | D:3      | Found a glowing golden altar of the Shining One.
  4050 | D:3      | Killed Crazy Yiuf
  4133 | D:3      | Found a faded altar to an unknown god.
  4176 | D:3      | Found a glowing golden altar of the Shining One.
  4631 | D:4      | Found a staircase to the Ecumenical Temple.
  4640 | Temple   | Entered the Ecumenical Temple
  4785 | D:4      | Found a radiant altar of Vehumet.
  4798 | D:4      | Became a worshipper of Vehumet
  5226 | D:4      | Reached XP level 6. HP: 32/32 MP: 6/15
  5227 | D:4      | Reached skill level 5 in Charms
  5508 | D:4      | Found a radiant altar of Vehumet.
  5542 | D:4      | Found a staircase to the Ecumenical Temple.
  5802 | D:5      | Entered Level 5 of the Dungeon
  6073 | D:5      | Reached skill level 7 in Charms
  6098 | D:5      | Found a glowing silver altar of Zin.
  6203 | D:5      | Reached XP level 7. HP: 36/36 MP: 8/18
  6305 | D:5      | Reached * piety under Vehumet
  6305 | D:5      | Offered knowledge of Freeze by Vehumet.
  6965 | D:6      | Noticed Dowan
  6967 | D:6      | Noticed Duvessa
  6971 | D:6      | Killed Dowan
  6978 | D:6      | Mangled by Duvessa

Action                   |  1- 3 |  4- 6 |  7- 9 || total
-------------------------+-------+-------+-------++-------
Melee: Unarmed           |    11 |     1 |       ||    12
 Cast: Magic Dart        |    81 |   100 |    28 ||   209
       Searing Ray       |     3 |    13 |       ||    16
       Iskenderun's Batt |       |     7 |     5 ||    12
  Use: Scroll            |       |       |     8 ||     8
       Potion            |       |       |     3 ||     3
  Eat: Bread ration      |     1 |       |       ||     1
       Chunk             |     1 |    10 |     3 ||    14
       Royal jelly       |     1 |       |       ||     1
